 Dungeon Crawl Stone Soup version 0.27-a0-965-gbf8bb431c4 (webtiles) character file.

Game seed: 2657187536820065570

121 leviel the Covered (level 4, -7/41 HPs)
             Began as a Minotaur Fighter on Apr 12, 2021.
             Mangled by a gnoll
             ... wielding a +0 halberd
              (15 damage)
             ... on level 3 of the Dungeon.
             The game lasted 00:02:42 (2620 turns).

leviel the Covered (Minotaur Fighter)               Turns: 2620, Time: 00:02:43

Health: -7/41      AC:  7    Str: 20    XL:     4   Next: 77%
Magic:  3/3        EV:  9    Int:  5    God:
Gold:   123        SH:  5    Dex: 11    Spells: 3/3 levels left

rFire    . . .     SeeInvis .   a - +0 war axe
rCold    + . .     Faith    .   f - +1 buckler {rC+}
rNeg     . . .     Spirit   .   b - +0 scale mail
rPois    .         Reflect  .   (helmet restricted)
rElec    .         Harm     .   (no cloak)
rCorr    .         Rampage  .   (no gloves)
Will     .....                  (no boots)
Stlth    ..........             (no amulet)
HPRegen  0.13/turn              (no ring)
MPRegen  0.08/turn              (no ring)

@: lethally poisoned (-7 -> -12)
A: horns 2, retaliatory headbutt
a: no special abilities


You were on level 3 of the Dungeon.
You visited 1 branch of the dungeon, and saw 3 of its levels.

You collected 123 gold pieces.

Inventory:

Hand Weapons
 a - a +0 war axe (weapon)
Missiles
 g - 7 javelins (quivered)
Armour
 b - a +0 scale mail (worn)
 c - a +0 kite shield
 f - a +1 buckler of cold resistance (worn)
Jewellery
 l - a ring of wizardry
Scrolls
 e - a scroll of enchant weapon {unknown}
 h - a scroll of teleportation {unknown}
 j - a scroll of enchant armour {unknown}
Potions
 d - a potion of might
 i - a potion of heal wounds {unknown}
 k - a potion of resistance {unknown}


   Skills:
 + Level 4.4 Fighting
 + Level 4.3 Axes
 + Level 4.5 Armour
 + Level 0.5 Dodging
 - Level 4.0 Shields


You had 3 spell levels left.
You didn't know any spells.
Your spell library was empty.

Dungeon Overview and Level Annotations

Branches:
Dungeon (3/15)

Altars:


Innate Abilities, Weirdness & Mutations

You have a pair of horns on your head.
You reflexively headbutt those who attack you in melee.


Message History

You are too injured to fight recklessly!
You are too injured to fight recklessly!
You are too injured to fight recklessly!
You are too injured to fight recklessly!
You are too injured to fight recklessly!
You are too injured to fight recklessly!
You are too injured to fight recklessly!
You are too injured to fight recklessly!
You are too injured to fight recklessly!
You are too injured to fight recklessly!
You are too injured to fight recklessly!
You are too injured to fight recklessly!
You are too injured to fight recklessly!
You are too injured to fight recklessly!
You are too injured to fight recklessly!
You are too injured to fight recklessly!
You are too injured to fight recklessly!
Unknown command.
You are too injured to fight recklessly!
You are too injured to fight recklessly!
You slash the kobold!
You kill the kobold!
The gnoll barely misses you. You block the gnoll's attack.
The gnoll shaman completely misses you. The gnoll misses you.
Things that are here:
a +0 club; a +0 halberd; a gnoll corpse You hit the gnoll shaman.
The gnoll shaman is lightly wounded.
The gnoll barely misses you.
The gnoll hits you from afar with a +2 spear of venom.
You are poisoned.
You block the gnoll shaman's attack. The gnoll closely misses you.
You hit the gnoll shaman but do no damage.
The gnoll shaman is lightly wounded.
You feel very sick. The gnoll closely misses you.
The gnoll shaman hits you with a +0 whip.
* * * LOW HITPOINT WARNING * * *
The gnoll hits you from afar with a +0 halberd!
You die...

.......###.......#.##..###...
..g...# #.#.#.#.#.##..# #...
.....# #.#...#.#.###.###...
#...# #.#.###.#.# #.......
##+# #.......#.# ###.####
#.#.#####.# #...#
#.Jgg.....####..###
###g######........# #@#
#.###.##.# #)# #.# #.##.# #.#
#.# #.##.## ........# #.#
#...... ######### #.# ####.##
#.# #.# #.# #.# ..# ###


You could see a gnoll shaman, 2 gnolls and an endoplasm.

Vanquished Creatures
  A hound zombie (D:2)
  2 gnolls (D:3)
  An adder (D:2)
  2 worms (D:2)
  2 dart slugs
  5 ball pythons
  7 endoplasms
  A giant cockroach (D:2)
  9 goblins
  3 hobgoblins (D:1)
  6 jackals
  A quokka (D:1)
  5 bats
  6 frilled lizards
  4 kobolds
  12 rats
67 creatures vanquished.

Notes
Turn   | Place    | Note
-------+----------+-------------------------------------------
     0 | D:1      | leviel the Minotaur Fighter began the quest for the Orb.
     0 | D:1      | Reached XP level 1. HP: 19/19 MP: 0/0
     6 | D:1      | Noticed a swamp worm
     6 | D:1      | Noticed a black bear
     6 | D:1      | Noticed a scorpion
   102 | D:1      | Reached XP level 2. HP: 27/27 MP: 1/1
   396 | D:1      | Found a faded altar of an unknown god.
   533 | D:1      | Reached XP level 3. HP: 33/33 MP: 2/2
  1411 | D:2      | Reached XP level 4. HP: 41/41 MP: 3/3
  2620 | D:3      | Mangled by a gnoll

Illustrated notes

Levels and vault maps discovered:
D:1:      onia_arrival_zoo_common, layout_loops_ring, basic_ecumenical_altar,
          minivault_25
D:2:      layout_basic, hangedman_decor_points, minmay_pentomino_w4
D:3:      layout_loops_corners, minmay_misc_feat_cross

Skill      XL: |  1  2  3  4 |
---------------+-------------+-----
Shields        | 4 |  4.0
Fighting       | 4 |  4.4
Axes           | 3 4 |  4.3
Armour         | 4 |  4.5
Dodging        | |  0.5

Action                   |  1- 3 |  4- 6 || total
-------------------------+-------+-------++-------
Melee: War axe           |    96 |    34 ||   130
       Headbutt          |    12 |     6 ||    18
Armor: Scale mail        |    34 |     9 ||    43
Dodge: Dodged            |    42 |    21 ||    63
Block: Kite shield       |     9 |       ||     9
       Buckler           |    20 |     6 ||    26

Table legend: (Time is in decaauts)
 A = Elapsed time spent in this place.
 B = Non-inter-level travel time spent in this place.
 C = Inter-level travel time spent in this place.
 D = Time resting spent in this place.
 E = Time spent auto-exploring this place.
 F = Levels seen in this place.
 G = Mean time per level.
                   A        B        C        D        E       F      G
               +--------+--------+--------+--------+--------+-----+--------+
         Total |   2667 |   2560 |    107 |      0 |   2203 |   3 |  889.0 |
       Dungeon |   2667 |   2560 |    107 |      0 |   2203 |   3 |  889.0 |
               +--------+--------+--------+--------+--------+-----+--------+

Top non-repeatable levels by time:
     D:2: 1190 daAuts
     D:1: 1027 daAuts
     D:3: 449 daAuts
